 Dungeon Sprint DCSS version bcrawl-1.18 (webtiles) character file.

Game seed: 9138013584508411942

47291 Freyura the Bringer of Light (level 14, -17/137 HPs)
             Began as a Hill Orc Fighter on Nov 3, 2019.
             Was the Champion of the Shining One.
             Demolished by a gelid black sun
             ... wielding a +0 trident
              (33 damage)
             ... in the Dungeon (Sprint V: "Ziggurat Sprint").
             The game lasted 00:46:17 (2021 turns).

Freyura the Bringer of Light (Hill Orc Fighter)     Turns: 2021, Time: 00:46:17

Health: -17/137    AC: 21    Str: 26    XL:     14   Next: 41%
Magic:  7/28       EV: 16    Int:  8    God:    the Shining One [******]
Gold:   0          SH: 49    Dex: 22    Spells: 13/13 levels left

rFire    + . .     SeeInvis +   V - +7 sacred scourge (holy)
rCold    + . .     Gourm    .   J - +18 shield of the Gong {rElec rN+ MR+ EV-5}
rNeg     + + +     Faith    .   W - +5 gold dragon scales
rPois    +         Spirit   .   (no helmet)
rElec    +         Reflect  .   (no cloak)
rCorr    .         Harm     .   c - +0 pair of gloves {Dex+3}
MR       +++..     NoTele   +   (no boots)
Stlth    ..........             b - amulet of Newk {RegenMP SInv}
HPRegen  0.32/turn              a - ring "Rual" {+Fly MR+ Slay+3 SInv}
MPRegen  0.46/turn              A - +6 ring of strength

@: agile, divine shield, weakened, corroded, glowing, studying 2 skills
A: no striking features
a: Divine Shield, Cleansing Flame, Summon Divine Warrior, Renounce Religion,
Evoke Flight


You were in the Dungeon.
You worshipped the Shining One.
The Shining One was exalted by your worship.
You were very hungry.

You visited 1 branch

Inventory:

Hand Weapons
 z - the +4 hand crossbow "Neitenia" {flame, +Inv Str+2 Stlth+}
   (You found it in the Dungeon)

   It causes projectiles fired from it to burn those they strike, causing extra
   injury to most foes and up to half again as much damage against particularly
   susceptible opponents.
   It affects your strength (+2).
   It lets you turn invisible.
   It makes you more stealthy.
 O - the +10 flail of Jossaizy {protect, rF+ rN+ Str-3 Int+3}
   (You found it in the Dungeon)

   It grants its wielder temporary protection when it strikes (+7 to AC).
   It affects your strength (-3).
   It affects your intelligence (+3).
   It protects you from fire.
   It protects you from negative energy.
 V - a +7 sacred scourge of holy wrath (weapon)
Armour
 c - a +0 pair of gloves of dexterity (worn)
 J - the +18 shield of the Gong (worn) {rElec rN+ MR+ EV-5}
   (You found it in the Dungeon)

   It affects your evasion (-5).
   It insulates you from electricity.
   It protects you from negative energy.
   It affects your resistance to hostile enchantments.
 W - +5 gold dragon scales (worn)
Jewellery
 a - the ring "Rual" (left hand) {+Fly MR+ Slay+3 SInv}
   (You found it in the Dungeon)

   [ring of protection from magic]

   It affects your accuracy and damage with ranged weapons and melee attacks
   (+3).
   It affects your resistance to hostile enchantments.
   It lets you see invisible.
   It lets you fly.
 b - the amulet of Newk (around neck) {RegenMP SInv}
   (You found it in the Dungeon)

   [amulet of magic regeneration]

   It increases your magic regeneration.
   It lets you see invisible.
 w - a +6 ring of dexterity
 x - a +6 ring of dexterity
 A - a +6 ring of strength (right hand)
 B - a +6 ring of strength
 F - the ring "Musared" {Ice rPois Str-3 Int+4 Dex+3}
   (You found it in the Dungeon)

   [ring of ice]

   It enhances your ice magic.
   It affects your strength (-3).
   It affects your intelligence (+4).
   It affects your dexterity (+3).
   It makes you vulnerable to fire.
   It protects you from cold.
   It protects you from poison.
 G - the ring "Rini" {Dex-4 Slay+4 SInv}
   (You found it in the Dungeon)

   [ring of see invisible]

   It affects your dexterity (-4).
   It affects your accuracy and damage with ranged weapons and melee attacks
   (+4).
   It lets you see invisible.
 H - the amulet of Visul {Spirit rElec}
   (You found it in the Dungeon)

   [amulet of guardian spirit]

   It causes incoming damage to be split between your health and magic.
   It insulates you from electricity.
 K - the ring "Rollinwa" {rC+ SInv}
   (You took it off an orc knight in the Dungeon)

   [ring of see invisible]

   It protects you from cold.
   It lets you see invisible.
 L - the ring "Xaoschuf" {rPois rC+ Str-5 Dex+3}
   (You found it in the Dungeon)

   [ring of protection from cold]

   It affects your strength (-5).
   It affects your dexterity (+3).
   It protects you from cold.
   It protects you from poison.
 M - an uncursed ring of fire
 Q - the cursed ring of Ephemeral Luck {rC- rN+++ MP+9 Str-2 Int-3}
   (You found it in the Dungeon)

   [ring of strength]

   It affects your strength (-2).
   It affects your intelligence (-3).
   It makes you vulnerable to cold.
   It renders you almost immune to negative energy.
   It affects your magic capacity (+9).
   It has a curse placed upon it.
Wands
 C - a wand of disintegration (7)
 D - a wand of iceblast (3)
 E - a wand of acid (7)
Scrolls
 k - 4 scrolls of blinking
 m - 4 scrolls of enchant weapon
 q - 4 scrolls of amnesia
 r - 7 scrolls of fog
 s - 5 scrolls of identify
 t - 5 scrolls of remove curse
 u - 2 scrolls of fear
 I - 3 scrolls of brand weapon
Potions
 d - 5 potions of might
 e - 10 potions of curing
 h - 5 potions of haste
 i - 7 potions of magic
 j - 3 potions of berserk rage
 l - 2 potions of brilliance
 n - 3 potions of resistance
 p - 2 potions of agility
Books
 N - a manual of Fighting
 R - a manual of Armour
Miscellaneous
 o - a lamp of fire
 v - a lightning rod (4/4)
 y - a phial of floods
Comestibles
 f - 6 rations {!d}


   Skills:
 + Level 16.0 Fighting
   Level 16.0 Short Blades
   Level 16.0 Long Blades
   Level 16.0 Axes
   Level 16.0 Maces & Flails
   Level 16.0 Polearms
   Level 16.0 Staves
 + Level 19.2 Armour
 + Level 14.5 Dodging
 + Level 18.7 Shields
   Level 16.0 Unarmed Combat
 + Level 21.2 Invocations


You had 13 spell levels left.
You didn't know any spells.
Your spell library contained the following spells:

 Spells                   Type           Power        Failure   Level  Hunger
 Apportation              Tloc           #.....       100%        1    ##.....
 Blink Other              Tloc           #.....       100%        1    ##.....
 Shock                    Conj/Air       #....        100%        1    ##.....
 Summon Small Mammal      Summ           #...         100%        1    ##.....
 False Image              Hex/Summ       #.......     100%        3    ####...
 Mephitic Cloud           Conj/Pois/Air  #.......     100%        3    ####...
 Portal Projectile        Tloc           #.....       100%        3    ####...
 Dispersal                Tloc           #.........   100%        6    #######
 Monstrous Menagerie      Summ           #.........   100%        7    #######


Dungeon Overview and Level Annotations

Branches:
Dungeon (1/1)

Altars:
Ashenzari
Cheibriados
Dithmenos
Elyvilon
Fedhas
Gozag
Hepliaklqana
Kikubaaqudgha
Lugonu
Makhleb
Nemelex Xobeh
Okawaru
Qazlal
Ru
Sif Muna
Trog
Uskayaw
Vehumet
Wu Jian
Xom
Yredelemnul
Zin
The Shining One
Beogh
Jiyva


Message History

You block the ice devil's attack.
PTOANNNG!
You hit Telar but do no damage.
Telar is severely wounded.
You block the ufetubus's attack.
SHROANNG!
You block the ufetubus's attack.
GONNNNG!
You block Telar's attack.
GONNNNG!
You hit Telar but do no damage.
Telar is severely wounded.
You block the hellwing's attack.
BOUMMMMG!
You block the hellwing's attack.
GONNNNG!
You block the ice devil's attack.
SHROANNG!
The gelid black sun hits you from afar with a +0 trident!!
You die...

▓....=}}|}..▓
))[[|[).|..▓...........▓
.["[|)|)}=..▓...........▓
............▓...........▓
.............▓....†††....▓
.............▓..▓....†▓..▓
......).5653.▓.▓.▓...▓.▓.▓
.......&5455▓..▓.....▓..▓
▓....54@▓ ▓.....©.....▓ ▓
▓▓....5▓▓ ▓▓▓▓▓▓▓▓▓▓▓▓▓
▓..▓.......▓..▓....8©8....▓
▓.............▓..[|.)||[..▓
▓......©......▓...)[[)....▓
▓▓▓▓▓▓▓▓▓▓▓▓▓▓▓...........▓
▓...........▓ ▓......[....▓
▓...........▓


You could see Telar, a gelid black sun, a hellwing, an ice devil, a ynoxinul and
7 ufetubi.

Vanquished Creatures
  3 pandemonium lords (D)
  A shadow dragon (D)
  An azure jelly (D)
  A vampire knight (D)
  A merfolk impaler (D)
  A yaktaur captain (D)
  4 vault guards (D)
  A merfolk aquamancer (D)
  2 dancing weapons (D)
  A deep elf knight (D)
  A sea snake (D)
  A sixfirhy (D)
  A spriggan druid (D)
  3 cyclopes (D)
  2 orc knights (D)
  2 orc sorcerers (D)
  2 manticores (D)
  An elephant (D)
  A naga mage (D)
  A smoke demon (D)
  2 rust devils (D)
  A water nymph (D)
  A black mamba (D)
  3 komodo dragons (D)
  An ice devil (D)
  2 trolls (D)
  A hornet (D)
  9 merfolk (D)
  A slime creature (D)
  Sigmund (D)
  3 shadows (D)
  A spriggan (D)
  A yak (D)
  A fire elemental (D)
  A neqoxec (D)
  Edmund (D)
  A naga (D)
  A water moccasin (D)
  A porcupine (D)
  A black bear (D)
  2 orc warriors (D)
  2 necrophages (D)
  3 wolves (D)
  4 ogres (D)
  A centaur (D)
  A bullfrog (D)
  Blork the orc (D)
  Dowan (D)
  A quasit (D)
  2 jellies (D)
  4 orc wizards (D)
  Crazy Yiuf (D)
  An orc priest (D)
  Jessica (D)
  A river rat (D)
  2 adders (D)
  A white imp (D)
  2 oozes (D)
  An orc (D)
  A bat zombie (D)
  2 jackals (D)
  A ball python (D)
  A jackal zombie (D)
102 creatures vanquished.

Vanquished Creatures (collateral kills)
  A shadow dragon (D)
  A blood saint (D)
  2 orc warlords (D)
  2 stone giants (D)
  A merfolk javelineer (D)
  A death ooze (D)
  A yaktaur captain (D)
  A vault guard (D)
  Erica (D)
  A vampire mage (D)
  A skeletal warrior (D)
  An orc sorcerer (D)
  A rust devil (D)
  2 orange demons (D)
  A smoke demon (D)
  2 red devils (D)
  A merfolk (D)
  2 slime creatures (D)
  A blink frog (D)
  A shadow (D)
  2 water elementals (D)
  A basilisk (D)
  2 porcupines (D)
  Duvessa (D)
  An ogre (D)
  2 bullfrogs (D)
  A wight (D)
  A quasit (D)
  An ooze (D)
37 creatures vanquished.

Vanquished Creatures (others)
  An orange demon (D)
  A ynoxinul (D)
2 creatures vanquished.

Grand Total: 141 creatures vanquished

Notes
Turn   | Place    | Note
-------+----------+-------------------------------------------
     0 | D        | Freyura the Hill Orc Fighter began the quest for the Orb.
     0 | D        | Reached XP level 1. HP: 20/20 MP: 1/1
     0 | D        | Found a shimmering blue altar of Sif Muna.
     0 | D        | Found a bloodstained altar of Trog.
     0 | D        | Found a sacrificial altar of Ru.
     0 | D        | Found a stormy altar of Qazlal.
     0 | D        | Found an iron altar of Okawaru.
     1 | D        | Found a sparkling altar of Nemelex Xobeh.
     1 | D        | Found a blossoming altar of Fedhas.
     2 | D        | Found the +6 Majin-Bo {vamp, *Drain Str+12 Int+24}
     2 | D        | Found the +7 great mace "Firestarter" {inner flame, rF++}
     3 | D        | Found a transporter.
     3 | D        | Found an ancient bone altar of Kikubaaqudgha.
     3 | D        | Found a viscous altar of Jiyva.
     3 | D        | Found a corrupted altar of Lugonu.
     3 | D        | Found a hazy altar of Hepliaklqana.
     3 | D        | Found a burning altar of Makhleb.
     3 | D        | Found an opulent altar of Gozag.
    24 | D        | Found the +9 heavy crossbow "Sniper" {velocity, Acc+∞ SInv}
    24 | D        | Found the +10 dark maul {crush}
    24 | D        | Found the +15 Maxwell's patent armour {-Cast -Tele rElec
                  | MR+ rCorr}
    24 | D        | Found the +18 shield of the Gong {rElec rN+ MR+ EV-5}
    24 | D        | Found the cursed +14 obsidian axe {chop, +Fly SInv *Curse}
    26 | D        | Found the +6 shillelagh "Devastator" {shatter}
    26 | D        | Found the +11 plutonium sword {*Contam Stlth-}
    26 | D        | Found the +8 lance "Wyrmbane" {slay drac, rPois rF+ rC+
                  | AC+3}
    26 | D        | Found the +9 sword of Zonguldrok {reap}
    26 | D        | Found the cursed +13 scythe of Curses {drain, *Curse}
    26 | D        | Found the +0 sword of Power
    26 | D        | Found the +7 mace of Variability {chain chaos}
    26 | D        | Found the +7 Singing Sword {slice, sonic wave}
    26 | D        | Found the +7 longbow "Piercer" {penet, EV-2}
    56 | D        | Became a worshipper of the Shining One
   121 | D        | Reached skill level 5 in Fighting
   121 | D        | Reached skill level 5 in Armour
   121 | D        | Reached skill level 5 in Shields
   121 | D        | Reached skill level 4 in Invocations
   121 | D        | Reached XP level 2. HP: 29/29 MP: 1/5
   133 | D        | Entered arena 2.
   133 | D        | Noticed a merfolk
   133 | D        | Noticed a merfolk
   133 | D        | Found a transporter.
   140 | D        | Killed a merfolk
   140 | D        | Reached skill level 7 in Invocations
   140 | D        | Reached XP level 3. HP: 30/38 MP: 2/8
   140 | D        | Reached XP level 4. HP: 35/45 MP: 2/9
   140 | D        | Reached XP level 5. HP: 40/51 MP: 2/10
   144 | D        | Killed a merfolk
   144 | D        | Reached skill level 8 in Invocations
   144 | D        | Reached XP level 6. HP: 48/60 MP: 3/12
   147 | D        | Got the ring of Kindness {Str+5 Int+3}
   207 | D        | Entered arena 3.
   207 | D        | Noticed a troll
   207 | D        | Reached * piety under the Shining One
   207 | D        | Noticed a troll
   207 | D        | Found a transporter.
   209 | D        | Reached skill level 9 in Invocations
   209 | D        | Reached XP level 7. HP: 66/66 MP: 11/13
   211 | D        | Killed a troll
   211 | D        | Reached skill level 5 in Dodging
   211 | D        | Killed a troll
   211 | D        | Reached skill level 10 in Invocations
   211 | D        | Reached XP level 8. HP: 74/74 MP: 11/15
   219 | D        | Got the +2 chain mail of the Bagpipe {Str+3}
   229 | D        | Entered arena 4.
   229 | D        | Reached ** piety under the Shining One
   229 | D        | Found a transporter.
   242 | D        | Got the ring "Rual" {+Fly MR+ Slay+3 SInv}
   246 | D        | Got the +8 hunting sling of the Common Good {venom, Int-2
                  | Dex+7}
   249 | D        | Entered arena 5.
   249 | D        | Noticed a +2 long sword of electrocution
   249 | D        | Noticed a deep elf knight
   249 | D        | Noticed a +1 mace of draining
   249 | D        | Reached *** piety under the Shining One
   249 | D        | Found a transporter.
   255 | D        | Killed a +1 mace of draining
   255 | D        | Reached skill level 10 in Armour
   255 | D        | Reached skill level 10 in Shields
   255 | D        | Reached skill level 11 in Invocations
   255 | D        | Reached XP level 9. HP: 46/82 MP: 12/17
   257 | D        | Killed a deep elf knight
   257 | D        | Reached skill level 12 in Invocations
   261 | D        | Killed a +2 long sword of electrocution
   270 | D        | Got the amulet of Newk {RegenMP SInv}
   396 | D        | Entered arena 6.
   396 | D        | Found a transporter.
   416 | D        | Entered arena 7.
   416 | D        | Noticed a spriggan druid
   416 | D        | Noticed a spriggan rider
   416 | D        | Reached **** piety under the Shining One
   418 | D        | Reached skill level 13 in Invocations
   419 | D        | Reached XP level 10. HP: 80/92 MP: 19/19
   421 | D        | Found a transporter.
   425 | D        | Killed a spriggan druid
   425 | D        | Reached skill level 10 in Fighting
   461 | D        | Entered arena 8.
   461 | D        | Noticed a naga mage
   461 | D        | Noticed a black mamba
   462 | D        | Found a transporter.
   466 | D        | Killed a black mamba
   472 | D        | Killed a naga mage
   472 | D        | Reached skill level 14 in Invocations
   481 | D        | Entered arena 9.
   481 | D        | Reached ***** piety under the Shining One
   481 | D        | Noticed a cyclops
   484 | D        | Found a transporter.
   489 | D        | Killed a cyclops
   494 | D        | Reached XP level 11. HP: 92/101 MP: 21/21
   503 | D        | Got the Incunabulum of Creative Lightness
   525 | D        | Entered arena 10.
   525 | D        | Noticed a sea snake
   525 | D        | Noticed Sigmund
   525 | D        | Noticed Jessica
   525 | D        | Noticed Blork the orc
   525 | D        | Noticed Crazy Yiuf
   525 | D        | Noticed Dowan
   525 | D        | Noticed Duvessa
   525 | D        | Reached ****** piety under the Shining One
   525 | D        | Noticed Edmund
   525 | D        | Noticed Erica
   526 | D        | Identified the +8 flail "Jucuocow" {speed, rPois}
   528 | D        | Found a transporter.
   529 | D        | Killed Dowan
   530 | D        | Killed a sea snake
   530 | D        | Killed Sigmund
   530 | D        | Killed Edmund
   530 | D        | Reached skill level 15 in Invocations
   531 | D        | Killed Duvessa
   532 | D        | Killed Blork the orc
   533 | D        | Killed Jessica
   533 | D        | Killed Crazy Yiuf
   534 | D        | Identified a +7 sacred scourge of holy wrath (a +5 demon
                  | whip of venom blessed by the Shining One)
   534 | D        | Received a gift from the Shining One
   536 | D        | Killed Erica
   536 | D        | Reached skill level 10 in Dodging
   547 | D        | Entered arena 11.
   547 | D        | Noticed Touxzumn the pandemonium lord
   547 | D        | Noticed Marud the pandemonium lord
   547 | D        | Noticed a sixfirhy
   548 | D        | Found a transporter.
   553 | D        | Noticed a phantasmal warrior
   565 | D        | Killed a sixfirhy
   573 | D        | Killed Touxzumn the pandemonium lord
   573 | D        | Reached skill level 15 in Armour
   573 | D        | Reached skill level 15 in Shields
   573 | D        | Reached skill level 17 in Invocations
   573 | D        | Reached XP level 12. HP: 86/113 MP: 21/24
   584 | D        | Killed Marud the pandemonium lord
   584 | D        | Reached skill level 18 in Invocations
   589 | D        | Got the ring "Musared" {Ice rPois Str-3 Int+4 Dex+3}
   592 | D        | Got the ring "Rini" {Dex-4 Slay+4 SInv}
   594 | D        | Entered arena 12.
   594 | D        | Noticed a death ooze
   594 | D        | Noticed an azure jelly
   598 | D        | Found a transporter.
   605 | D        | Killed an azure jelly
   608 | D        | Killed a death ooze
   623 | D        | Got the amulet of Visul {Spirit rElec}
  1033 | D        | Entered arena 13.
  1033 | D        | Noticed a vault guard
  1033 | D        | Noticed a vault guard
  1033 | D        | Noticed a stone giant
  1033 | D        | Noticed a yaktaur captain
  1033 | D        | Noticed a stone giant
  1033 | D        | Noticed a shadow dragon
  1033 | D        | Noticed a vault guard
  1033 | D        | Noticed a vault guard
  1034 | D        | Noticed a vault guard
  1035 | D        | Noticed a shadow dragon
  1036 | D        | Noticed a yaktaur captain
  1045 | D        | Killed a stone giant
  1045 | D        | Reached XP level 13. HP: 69/122 MP: 10/26
  1046 | D        | Killed a vault guard
  1048 | D        | Killed a vault guard
  1050 | D        | Killed a vault guard
  1052 | D        | Killed a yaktaur captain
  1058 | D        | Killed a vault guard
  1061 | D        | Killed a stone giant
  1068 | D        | Killed a shadow dragon
  1068 | D        | Reached skill level 19 in Invocations
  1082 | D        | Killed a shadow dragon
  1084 | D        | Found a transporter.
  1093 | D        | Killed a vault guard
  1095 | D        | Killed a yaktaur captain
  1232 | D        | Got the ring "Xaoschuf" {rPois rC+ Str-5 Dex+3}
  1234 | D        | Got the +2 short sword "Motsuowk" {protect, rC+}
  1236 | D        | Got the +2 robe of the Hurricane {+Blink rPois rC- Stlth+}
  1267 | D        | Entered arena 14.
  1267 | D        | Identified the +2 robe "Wavyemiv" {rPois rF- Str-3 Dex+8}
  1267 | D        | Identified the cursed +1 pearl dragon scales "Begocoe"
                  | {*Corrode +Blink rN+ MR++ Stlth+}
  1267 | D        | Noticed a vampire knight
  1291 | D        | Killed a vampire knight
  1382 | D        | Found a transporter.
  1392 | D        | Entered arena 15.
  1395 | D        | Found a transporter.
  1426 | D        | Got the Guide on the Entourage and Orientation
  1428 | D        | Got the +4 hand crossbow "Neitenia" {flame, +Inv Str+2
                  | Stlth+}
  1431 | D        | Entered arena 16.
  1432 | D        | Noticed a merfolk javelineer
  1432 | D        | Noticed a merfolk impaler
  1468 | D        | Reached skill level 20 in Invocations
  1484 | D        | Killed a merfolk impaler
  1484 | D        | Killed a merfolk javelineer
  1706 | D        | Got the +10 flail of Jossaizy {protect, rF+ rN+ Str-3
                  | Int+3}
  1709 | D        | Entered arena 17.
  1712 | D        | Noticed an orc warlord
  1712 | D        | Noticed an orc warlord
  1713 | D        | Identified the ring "Rollinwa" {rC+ SInv}
  1719 | D        | Found a transporter.
  1743 | D        | Reached XP level 14. HP: 67/133 MP: 17/28
  1747 | D        | Killed an orc warlord
  1756 | D        | Killed an orc warlord
  1756 | D        | Reached skill level 15 in Fighting
  1961 | D        | Got the cursed ring of Ephemeral Luck {rC- rN+++ MP+9 Str-2
                  | Int-3}
  1967 | D        | Entered arena 18.
  1970 | D        | Noticed Qeh Gepu the pandemonium lord
  1971 | D        | Noticed Telar the pandemonium lord
  1995 | D        | Killed Qeh Gepu the pandemonium lord
  1995 | D        | Reached skill level 21 in Invocations
  2003 | D        | The Shining One protects you from harm!
  2021 | D        | Demolished by a gelid black sun

Skill      XL: |  1  2  3  4  5  6  7  8  9 10 11 12 13 14 |
---------------+-------------------------------------------+-----
Fighting       | 5 6 7 8 9 10 12 13 14 16 | 16.0
Armour         | 5 7 8 9 10 11 13 15 16 17 19 | 19.2
Shields        | 5 7 8 9 10 11 13 15 16 17 18 | 18.7
Invocations    | 4 7 8 9 10 11 13 14 17 18 20 21 | 21.2
Dodging        | 3 4 5 6 8 9 11 12 13 14 | 14.5
Short Blades   | | 16.0
Long Blades    | | 16.0
Axes           | | 16.0
Maces & Flails | | 16.0
Polearms       | | 16.0
Staves         | | 16.0
Unarmed Combat | | 16.0

Action                   |  1- 3 |  4- 6 |  7- 9 | 10-12 | 13-15 || total
-------------------------+-------+-------+-------+-------+-------++-------
Melee: Shillelagh        |     5 |     3 |    23 |    31 |       ||    62
       Sacred scourge    |       |       |       |    49 |   206 ||   255
Invok: Divine Shield     |       |       |     1 |     2 |     3 ||     6
       Cleansing Flame   |       |       |       |     3 |     1 ||     4
       Summon Divine War |       |       |       |     3 |     6 ||     9
       Brand Weapon With |       |       |       |     1 |       ||     1
Evoke: Wand              |       |     1 |     3 |       |       ||     4
       Lightning rod     |       |       |     2 |       |       ||     2
  Use: Potion            |     1 |       |       |     9 |     8 ||    18
       Scroll            |       |       |     1 |       |       ||     1
  Eat: Ration            |       |       |       |     1 |       ||     1
       Chunk             |       |       |       |       |     2 ||     2
Armor: Gold dragon scale |     2 |       |    10 |    50 |    43 ||   105
Dodge: Dodged            |       |       |       |    16 |    35 ||    51
Block: Shield            |    10 |     3 |    31 |   185 |   384 ||   613
